 Dungeon Crawl Stone Soup version 0.32-a0-768-g0f6f1dd4b9 (webtiles) character file.

Game seed: 10541802210338757213

198 ezpacito the Trooper (level 5, -5/42 HPs)
             Began as a Coglin Chaos Knight on Mar 18, 2024.
             Was a Plaything of Xom.
             Slain by Grinder (7 damage)
             ... on level 4 of the Dungeon.
             The game lasted 00:03:30 (2488 turns).

ezpacito the Trooper (Coglin Chaos Knight)          Turns: 2488, Time: 00:03:31

Health: -5/42      AC:  8    Str: 14    XL:     5   Next: 77%
Magic:  6/6        EV: 11    Int: 12    God:    Xom [....*.]
Gold:   149        SH:  0    Dex: 13    Spells: 6/6 levels left

rFire   + . .        a - +0 hand axe (chaos) {Tlalli}
rCold   + . .        i - +0 flail (drain) {Eitaro}
rNeg    . . .        b - +2 leather armour
rPois   +            (no helmet)
rElec   +            (no cloak)
rCorr   +            (no gloves)
SInv    .            c - +0 pair of boots
Will    .....        (amulet unavailable)
Stlth   +            (ring unavailable)
HPRegen 0.27/turn    (ring unavailable)
MPRegen 0.10/turn    (no gizmo)

%: no passive effects
@: resistant, revved
A: off-hand wielding, slow wielding, warmup strikes, no jewellery, iridescent
scales 1
a: Invent Gizmo, Renounce Religion


You were on level 4 of the Dungeon.
You worshipped Xom.
You were a beloved toy of Xom.
You visited 1 branch of the dungeon, and saw 4 of its levels.

You collected 149 gold pieces.

Inventory:

Hand Weapons
 a - a +0 hand axe of chaos (weapon) {Tlalli}
 i - a +0 flail of draining (offhand) {Eitaro}
 m - a +2 dagger of pain {Yan}
Missiles
 f - 4 boomerangs (quivered)
Armour
 b - a +2 leather armour (worn)
 c - a +0 pair of boots (worn)
Wands
 g - a wand of iceblast (8)
 k - a wand of flame (20)
 l - a wand of polymorph (11)
Scrolls
 d - a scroll of immolation {unknown}
 e - 2 scrolls of fog
 h - a scroll of blinking {unknown}
 j - a scroll of vulnerability
 t - 2 scrolls of teleportation


   Skills:
 * Level 3.7 Fighting
 * Level 3.7(3.8) Axes
 + Level 1.2(2.4) Polearms
 * Level 2.7 Armour
 * Level 2.0 Dodging
 + Level 0.8 Stealth
 + Level 1.1 Spellcasting
 + Level 0.0 Necromancy
 + Level 0.8 Evocations


You had 6 spell levels left.
You didn't know any spells.
Your spell library was empty.

Dungeon Overview and Level Annotations

Branches:
Dungeon (4/15)
 Temple: D:4-7

Altars:
Dithmenos
Elyvilon
Gozag
Makhleb
Nemelex Xobeh
Qazlal
Ru
Xom
Zin

Annotations:
D:3 Arkalis's ghost, amateur MiFi
D:4 Grinder


Innate Abilities, Weirdness & Mutations

You can wield a second weapon in your off-hand.
It takes a long time for you to wield or remove held weapons.
Your first few attacks do less damage.
You cannot equip rings or amulets.
You are partially covered in iridescent scales. (AC +2)


Message History

You closely miss Grinder with your +0 hand axe of chaos.
Grinder is moderately wounded.
You closely miss Grinder with your +0 flail of draining.
Grinder closely misses you.
You barely miss Grinder with your +0 hand axe of chaos.
Grinder is moderately wounded.
You closely miss Grinder with your +0 flail of draining.
Grinder barely misses you.
You closely miss Grinder with your +0 flail of draining.
Grinder is moderately wounded.
You hit Grinder with your +0 hand axe of chaos.
Grinder gestures at you. Pain shoots through your body! Grinder hits you!
You writhe in agony.
You take 15 damage, and have 24/42 hp.
MASSIVE DAMAGE!!
You barely miss Grinder with your +0 hand axe of chaos.
Grinder is moderately wounded.
You barely miss Grinder with your +0 flail of draining.
Grinder gestures at you.
You suddenly lose the ability to move!
Grinder hits you but does no damage. Grinder hits you.
You writhe in agony.
Grinder says, "You look like you could use a good racking."
Grinder gestures at you. Pain shoots through your body!
* * * LOW HITPOINT WARNING * * *
You can move again.
You take 16 damage, and have 8/42 hp.
MASSIVE DAMAGE!!
You feel protected. Grinder hits you.
* * * LOW HITPOINT WARNING * * *
You take 6 damage, and have 2/42 hp.
You hit Grinder with your +0 hand axe of chaos.
You burn Grinder.
Grinder is heavily wounded.
You hit Grinder but do no damage.
Grinder says, "Tell me all your secrets, or I'll kill you."
Grinder hits you!
You die...
Grinder sighs, "Dead already?
I want a refund."
Xom howls with laughter!

.# #. #. .##.. #.. .#...B
....##.. .#.....##
..##... . ##........#
.....## .. #.........#
......#####. ##.........#
............. ... .....#
....##... ##..##.# #....#
..........#..._.@# #....#
......(.......#.5###....#
.........._.....).†.....#
....#.#...##...##._.<...#
......# ###_... ####....#
.##..... ..?... #....#
.##.###. #.### #....#
....# .#.. #....# #.###
.... ######


You could see Grinder and a bombardier beetle.

Vanquished Creatures
  Jessica (D:2)
  Terence (D:2)
  4 adders
  3 hound simulacra (D:3)
  2 ribbon worms (D:3)
  A dart slug (D:1)
  An adder simulacrum (D:3)
  9 orcs
  6 ball pythons
  3 bats (D:2)
  7 endoplasms
  3 giant cockroaches
  3 goblins
  7 hobgoblins
  5 jackals (D:4)
  4 quokkas
  2 frilled lizards
  A giant cockroach simulacrum (D:3)
  3 kobolds
  4 rats
70 creatures vanquished.

Notes
Turn   | Place    | Note
-------+----------+-------------------------------------------
     0 | D:1      | ezpacito the Coglin Chaos Knight began the quest for the
                  | Orb.
     0 | D:1      | Reached XP level 1. HP: 18/18 MP: 1/1
    60 | D:1      | XOM: silly message
   242 | D:1      | Reached skill level 1 in Dodging
   276 | D:1      | Reached XP level 2. HP: 20/24 MP: 2/2
   660 | D:2      | XOM: divination: detect items
   675 | D:2      | Noticed Jessica
   677 | D:2      | XOM: potion effect (brilliance)
   683 | D:2      | Reached XP level 3. HP: 21/29 MP: 3/3
   685 | D:2      | Killed Jessica
   806 | D:2      | Reached XP level 4. HP: 33/35 MP: 4/4
   842 | D:2      | Noticed Terence
   853 | D:2      | XOM: butterfly on damage
   854 | D:2      | Killed Terence
  1193 | D:3      | XOM: noise
  1219 | D:3      | Reached skill level 1 in Polearms
  1277 | D:3      | Reached skill level 1 in Spellcasting
  1294 | D:3      | Reached XP level 5. HP: 41/41 MP: 6/6
  1296 | D:3      | Found a stormy altar of Qazlal.
  1298 | D:3      | Found a burning altar of Makhleb.
  1298 | D:3      | Found a glowing silver altar of Zin.
  1299 | D:3      | Found a sparkling altar of Nemelex Xobeh.
  1299 | D:3      | Found a white marble altar of Elyvilon.
  1301 | D:3      | Found a sacrificial altar of Ru.
  1301 | D:3      | Found an opulent altar of Gozag.
  1302 | D:3      | Found a shadowy altar of Dithmenos.
  1509 | D:3      | Noticed Arkalis's ghost (amateur MiFi)
  1540 | D:3      | Found a runed translucent gate.
  1540 | D:3      | Found a runed translucent gate.
  1540 | D:3      | Found a runed translucent gate.
  2015 | D:3      | XOM: divination: detect creatures
  2071 | D:3      | XOM: give mutation
  2071 | D:3      | Gained mutation: You are partially covered in iridescent
                  | scales. (AC +2) [Xom's grace]
  2223 | D:4      | XOM: summons 1 hostile shadow creature
  2439 | D:4      | Noticed Grinder
  2445 | D:4      | Paralysed by Grinder for 3 turns
  2450 | D:4      | XOM: enchant monster (good)
  2478 | D:4      | XOM: scenery: create altars
  2483 | D:4      | Paralysed by Grinder for 4 turns
  2487 | D:4      | HP: 2/42 [Grinder (6)]
  2488 | D:4      | Slain by Grinder

Illustrated notes

Levels and vault maps discovered:
D:1:      sevenhm_arrival_forest_fort_small_6, layout_loops_ring
D:2:      layout_rooms, uniq_jessica, uniq_terence
D:3:      layout_basic, grunt_temple_overflow_open, gammafunk_ghost_icy,
          guppyfry_early_orc_mine
D:4:      layout_rooms, uniq_robin, uniq_grinder

Skill      XL: |  1  2  3  4  5 |
---------------+----------------+-----
Dodging        | 1 2 |  2.0
Armour         | 2 |  2.7
Polearms       | 1 |  1.2
Spellcasting   | 1 |  1.1
Fighting       | |  3.7
Axes           | |  3.7
Stealth        | |  0.8
Evocations     | |  0.8

Action                     |  1- 3 |  4- 6 || total
---------------------------+-------+-------++-------
  Melee: Hand axe          |    35 |   129 ||   164
         Dagger            |    33 |   106 ||   139
         Flail             |       |    17 ||    17
  Evoke: Wand              |       |     2 ||     2
    Use: Scroll            |       |     5 ||     5
         Potion            |       |     1 ||     1
   Stab: Sleeping          |     1 |     2 ||     3
         Confused          |       |     1 ||     1
         Petrifying        |       |     1 ||     1
 Armour: Leather armour    |    14 |    81 ||    95
  Dodge: Dodged            |    16 |    82 ||    98

Table legend: (Time is in decaauts)
 A = Elapsed time spent in this place.
 B = Non-inter-level travel time spent in this place.
 C = Inter-level travel time spent in this place.
 D = Time resting spent in this place.
 E = Time spent auto-exploring this place.
 F = Levels seen in this place.
 G = Mean time per level.
                   A        B        C        D        E       F      G
               +--------+--------+--------+--------+--------+-----+--------+
         Total |   2500 |   2342 |    158 |     10 |   1882 |   4 |  625.0 |
       Dungeon |   2500 |   2342 |    158 |     10 |   1882 |   4 |  625.0 |
               +--------+--------+--------+--------+--------+-----+--------+

Top non-repeatable levels by time:
     D:3: 1028 daAuts
     D:1: 618 daAuts
     D:2: 535 daAuts
     D:4: 317 daAuts
